 Dungeon Crawl Stone Soup version 0.19-a0-1170-g18f0c96 (webtiles) character file.

131 jacquesderrida the Ducker (level 5, -1/32 HPs)
             Began as a Kobold Monk on Aug 17, 2016.
             Slain by an iguana (5 damage)
             ... on level 4 of the Dungeon.
             The game lasted 00:06:13 (1115 turns).

jacquesderrida the Ducker (Kobold Monk)             Turns: 1115, Time: 00:06:14

Health: -1/32      AC:  4    Str:  8 (10) XL:     5   Next: 37%
Magic:  5/5        EV: 17    Int:  7 (9)  God:
Gold:   48         SH:  0    Dex: 18      Spells: 0 memorised, 4 levels left

rFire  . . .     SeeInvis .       - Unarmed
rCold  . . .     Gourm    .     o - +0 leather armour
rNeg   . . .     Faith    .     (shield restricted)
rPois  .         Spirit   .     (no helmet)
rElec  .         Dismiss  .     (no cloak)
rCorr  +         Reflect  .     m - +0 pair of gloves
MR     .....     Harm     .     (no boots)
Stlth  +++.......               (no amulet)
                                k - ring of resist corrosion
                                t - ring of stealth

@: no status effects
A: carnivore 3
a: no special abilities


You were on level 4 of the Dungeon.
You were hungry.

You visited 1 branch of the dungeon, and saw 4 of its levels.

You collected 48 gold pieces.

Inventory:

Missiles
 h - 23 poisoned needles
 s - 5 needles of frenzy
Armour
 a - a +0 robe
 d - a +0 ring mail
 m - a +0 pair of gloves (worn)
 o - a +0 leather armour (worn)
Jewellery
 k - a ring of resist corrosion (right hand)
 t - a ring of stealth (left hand)
Wands
 l - a wand of lightning (0/15)
Scrolls
 c - 3 scrolls of identify {unknown}
 e - 3 scrolls of amnesia {unknown}
 g - 2 scrolls of noise {unknown}
 j - a scroll of blinking {unknown}
 n - a scroll of magic mapping {unknown}
 r - a scroll of remove curse {unknown}
Potions
 p - a potion of heal wounds {unknown}
 q - a potion of might {unknown}
Comestibles
 b - 2 meat rations
 f - 2 slices of pizza
 i - 2 beef jerkies


   Skills:
 - Level 3.2 Fighting
 + Level 5.0 Dodging
 - Level 2.6 Stealth
 + Level 4.9 Unarmed Combat


You had 4 spell levels left.
You didn't know any spells.

Dungeon Overview and Level Annotations

Branches:
Dungeon (4/15)
 Temple: D:4-7

Altars:
Fedhas
Pakellas

Annotations:
D:4 Edmund


Innate Abilities, Weirdness & Mutations

You are small and have problems with some larger weapons.
You are carnivorous and can eat meat at any time.


Message History

You hit the orc but do no damage.
The orc is heavily wounded.
The orc hits you.
* * * LOW HITPOINT WARNING * * *
You hit the orc.
The orc is almost dead.
The orc completely misses you.
You hit the orc but do no damage.
The orc is almost dead.
The orc closely misses you.
You hit the orc but do no damage.
The orc is almost dead.
The orc misses you.
You hit the orc but do no damage.
The orc is almost dead.
The orc completely misses you.
You hit the orc.
You kill the orc!
The iguana bites you.
You die...

#.# #.# #..# ##.# #.# #..###
...# ##.#####..... #..#
#............
###..####.#####.####
.....)...o.o....... #
#..####.#####.####
.##########..####.# #(#
.........[.@[..)..#.......o.
#.##$....###l.######.[.......
#.##.....+....# #.........
#.##.....###.## ...).......
#.##.....# #.# .....$..#.##
#.##.....# #.# .######.#.#
#.##.....###.# #.#.#
#.##......##.# #.........##..


You could see an iguana.

Vanquished Creatures
  A jelly (D:4)
  An orc wizard (D:4)
  A howler monkey skeleton (D:4)
  2 adders (D:2)
  An ooze (D:2)
  A dart slug (D:3)
  4 orcs (D:4)
  A ball python (D:1)
  A bat (D:1)
  2 giant cockroaches
  3 goblins
  3 hobgoblins
  A quokka (D:4)
  3 giant newts
  8 kobolds
  2 rats (D:1)
35 creatures vanquished.

Vanquished Creatures (others)
  An orc wizard (D:4)
1 creature vanquished.

Grand Total: 36 creatures vanquished

Notes
Turn   | Place    | Note
-------+----------+-------------------------------------------
     0 | D:1      | jacquesderrida the Kobold Monk began the quest for the Orb.
     0 | D:1      | Reached XP level 1. HP: 14/14 MP: 1/1
    88 | D:2      | Reached XP level 2. HP: 19/19 MP: 2/2
   127 | D:2      | Reached XP level 3. HP: 16/23 MP: 3/3
   380 | D:3      | Found an oddly glowing altar of Pakellas.
   390 | D:3      | Reached skill level 4 in Dodging
   448 | D:3      | Reached XP level 4. HP: 23/28 MP: 4/4
   577 | D:3      | Noticed a sky beast
   776 | D:4      | Reached XP level 5. HP: 11/32 MP: 5/5
   902 | D:3      | Reached skill level 5 in Dodging
   955 | D:4      | Found a blossoming altar of Fedhas.
  1005 | D:4      | Noticed Edmund
  1115 | D:4      | Slain by an iguana

Vault maps used:
D:1:      lightli_arrival_windingriver, minmay_ruptured
D:2:      grunt_ministairs_2
D:3:      lemuel_crystal_altar, lemuel_round_altar, grunt_pakellas_mercury,
          okawaru_gym_becter
D:4:      lemuel_coloured_pillars_altar, overflow_temple_1_default,
          lemuel_round_altar, grunt_dithmenos_smoke, serial_shops, shop,
          uniq_edmund

Skill      XL: |  1  2  3  4  5 |
---------------+----------------+-----
Unarmed Combat | 4 |  4.9
Dodging        | 4 5 |  5.0
Fighting       | |  3.2
Stealth        | |  2.6

Action                   |  1- 3 |  4- 6 || total
-------------------------+-------+-------++-------
Melee: Unarmed           |    70 |    55 ||   125
Evoke: Wand              |       |     3 ||     3
  Use: Potion            |       |     2 ||     2
 Stab: Sleeping          |     2 |     2 ||     4
       Distracted        |       |     1 ||     1
Armor: Robe              |     5 |       ||     5
       Leather armour    |     3 |    10 ||    13
Dodge: Dodged            |    41 |    39 ||    80
